 Dungeon Crawl Stone Soup version 0.23-a0-642-g3120c2f (console) character file.

2024 Duffy the Conjurer (level 9, 68/68 HPs)
             Began as a Demonspawn Fire Elementalist on Dec 30, 2018.
             Was a Follower of Vehumet.
             Quit the game on level 6 of the Dungeon.
             The game lasted 00:13:38 (8924 turns).

Duffy the Conjurer (Demonspawn Fire Elementalist)   Turns: 8924, Time: 00:13:39

Health: 68/68      AC:  4    Str:  9    XL:     9   Next: 3%
Magic:  18/25      EV: 15    Int: 19    God:    Vehumet [*.....]
Gold:   47         SH:  4    Dex: 14    Spells: 10/18 levels left

rFire    . . .     SeeInvis .   D - +3 spear
rCold    . . .     Gourm    .   (no shield)
rNeg     . . .     Faith    .   a - +0 robe
rPois    .         Spirit   .   B - +1 hat
rElec    .         Reflect  .   g - +0 cloak
rCorr    .         Harm     .   (no gloves)
MR       .....                  (boots unavailable)
Stlth    ..........             (no amulet)
HPRegen  0.21/turn              t - ring of attention (curse)
MPRegen  0.19/turn              b - ring of magical power

@: no status effects
A: hooves 3, large bone plates 1, demonic guardian 1
a: Renounce Religion


You were on level 6 of the Dungeon.
You worshipped Vehumet.
Vehumet was aware of your devotion.
You were hungry.

You visited 2 branches of the dungeon, and saw 7 of its levels.
You also visited: Sewer.

You collected 294 gold pieces.
You spent 247 gold pieces at shops.

Inventory:

Hand Weapons
 D - a +3 spear (weapon)
Armour
 a - a +0 robe (worn)
 g - a +0 cloak (worn)
 B - a +1 hat (worn)
Jewellery
 b - a ring of magical power (right hand)
 t - a cursed ring of attention (left hand)
Wands
 n - a wand of flame (23)
 u - a wand of polymorph (7)
 C - a wand of disintegration (16)
Scrolls
 e - a scroll of magic mapping {unknown}
 l - 2 scrolls of enchant weapon {unknown}
 o - 6 scrolls of teleportation {unknown}
 p - a scroll of fear {unknown}
 q - 4 scrolls of remove curse {unknown}
 s - 2 scrolls of fog {unknown}
 y - a scroll of enchant armour {unknown}
Potions
 d - 3 potions of lignification
 f - 3 potions of curing {unknown}
 i - 3 potions of agility
 j - a potion of mutation {unknown}
 k - a potion of berserk rage
 m - a potion of invisibility
 r - 3 potions of flight
 v - 2 potions of haste
 w - a potion of ambrosia
 x - a potion of might
 z - 2 potions of heal wounds
 A - 2 potions of brilliance
Comestibles
 c - 9 rations


   Skills:
 - Level 5.0 Fighting
 - Level 5.0 Dodging
 - Level 1.7 Stealth
 + Level 5.0 Spellcasting
 + Level 5.7 Conjurations
 + Level 5.4 Fire Magic


You had 10 spell levels left.
You knew the following spells:

 Your Spells              Type           Power        Failure   Level  Hunger
h - Flame Tongue          Conj/Fire      ####.        1%          1    None
j - Sticky Flame          Conj/Fire      ####....     12%         4    ####...
l - Conjure Flame         Conj/Fire      ####....     3%          3    ##.....

Your spell library contained the following spells:

 Spells                   Type           Power        Failure   Level  Hunger
 Sandblast                Erth           #.....       12%         1    None
 Throw Flame              Conj/Fire      ####..       1%          2    #......
 Corona                   Hex            #......      12%         1    None
 Dazzling Spray           Conj/Hex       ###...       12%         3    ##.....
 Inner Flame              Hex/Fire       ###.....     12%         3    ##.....
 Ensorcelled Hibernation  Hex/Ice        #.....       19%         2    #......
 Fireball                 Conj/Fire      ####......   34%         5    ######.
 Confuse                  Hex            #.......     36%         3    ##.....
 Tukima's Dance           Hex            #.......     36%         3    ##.....


Dungeon Overview and Level Annotations

Branches:
Dungeon (6/15)             Temple (1/1) D:4

Altars:
Ashenzari
Cheibriados
Dithmenos
Fedhas
Gozag
Hepliaklqana
Makhleb
Nemelex Xobeh
Okawaru
Qazlal
Ru
Sif Muna
Trog
Uskayaw
Vehumet
Wu Jian
Xom
Yredelemnul
Zin
The Shining One

Shops:
D:4 [   D:5 :![?:


Innate Abilities, Weirdness & Mutations

You have hooves in place of feet.
You are partially covered in large bone plates. (SH +4)
A weak demonic guardian rushes to your aid.


Message History

Aiming: Sticky Flame (safe; 14% risk of failure)
Press: ? - help, Shift-Dir - straight line, f/p - ice beast
Aim: an ice beast (lightly wounded)
The sticky flame hits the ice beast.
The ice beast appears unharmed.
The ice beast is lightly wounded.
The ice beast is covered in liquid flames!
The ice beast burns!
The ice beast barely misses you.
The ice beast burns!
The ice beast burns!
The ice beast burns!
The ice beast burns!
You kill the ice beast!
Vehumet accepts your kill.
Your Spellcasting skill increases to level 5!
You have reached level 9!
Your experience leads to an increase in your attributes!
Increase (S)trength, (I)ntelligence, or (D)exterity?
You feel clever.
Your demonic ancestry asserts itself...
You feel the presence of a demonic guardian.
Are you sure you want to abandon this character and quit the game? (Confirm

## \..#...........# ....
........#(....# .....
#...%..#....### ### .....
###..........#.#...##
....####.....%.....)#.#....#
..............[............#
........#...........#.......
........###.........#.......
........# #.....@.........#
........###.............>...
.........#................##
.##...........#............#
.#............#..###...#..##
.................########.#
...#..............### ##
.......##.......###[#
..##.....##......#..##


There were no monsters in sight!

Vanquished Creatures
  Prince Ribbit (D:5)
  A water moccasin (D:5)
  3 orc warriors
  2 sky beasts
  2 ice beasts
  3 ogres
  A centaur (D:5)
  Blork the orc (D:5)
  A scorpion (D:5)
  2 howler monkeys
  An electric eel (D:6)
  A crimson imp (D:5)
  A bullfrog zombie (D:5)
  3 orc priests
  An orc wizard (D:6)
  A gnoll shaman (D:5)
  A bullfrog skeleton (D:5)
  A worker ant (D:5)
  A hound skeleton (D:6)
  4 gnolls
  4 adders
  2 river rats (Sewer)
  An adder skeleton (D:5)
  A worm (D:2)
  2 dart slugs (D:1)
  4 leopard geckos
  18 orcs
  3 bats
  7 giant cockroaches
  10 hobgoblins
  14 kobolds
  3 quokkas
  10 ball pythons
  12 frilled lizards
  5 goblins
  A jackal skeleton (D:4)
  2 leopard gecko skeletons (D:5)
  13 rats
144 creatures vanquished.

Vanquished Creatures (others)
  A wizard (D:5)
1 creature vanquished.

Grand Total: 145 creatures vanquished

Notes
Turn   | Place    | Note
-------+----------+-------------------------------------------
     0 | D:1      | Duffy the Demonspawn Fire Elementalist began the quest for
                  | the Orb.
     0 | D:1      | Reached XP level 1. HP: 13/13 MP: 3/3
   259 | D:1      | Gained mutation: You are partially covered in large bone
                  | plates. (SH +4) [demonic ancestry]
   259 | D:1      | Reached XP level 2. HP: 16/19 MP: 0/5
   828 | D:1      | Reached XP level 3. HP: 24/24 MP: 1/6
  1072 | D:1      | Learned a level 3 spell: Conjure Flame
  1128 | D:2      | Found a shadowy altar of Dithmenos.
  1325 | D:2      | Found a basalt altar of Yredelemnul.
  1562 | D:2      | Found an iron altar of Okawaru.
  1951 | D:2      | Found an ornate altar of the Wu Jian Council.
  2403 | D:3      | Gained mutation: You have large cloven feet. [demonic
                  | ancestry]
  2403 | D:3      | Reached XP level 4. HP: 30/30 MP: 5/7
  2571 | D:3      | Learned a level 4 spell: Sticky Flame
  2646 | D:3      | Found a snail-covered altar of Cheibriados.
  2890 | D:3      | Noticed an ice beast
  3074 | D:3      | Killed an ice beast
  3074 | D:3      | Gained mutation: You have hoof-like feet. [demonic
                  | ancestry]
  3074 | D:3      | Reached XP level 5. HP: 31/35 MP: 1/9
  4305 | D:4      | Found Puohiutu's Antique Armour Emporium.
  4313 | D:4      | Found a glowing drain.
  4340 | Sewer    | Entered a sewer
  4422 | Sewer    | Gained mutation: You have hooves in place of feet. [demonic
                  | ancestry]
  4422 | Sewer    | Reached XP level 6. HP: 41/41 MP: 6/11
  4937 | D:4      | Found a staircase to the Ecumenical Temple.
  5043 | D:5      | Entered Level 5 of the Dungeon
  5251 | D:5      | Noticed a water moccasin
  5261 | D:5      | Killed a water moccasin
  5524 | Temple   | Entered the Ecumenical Temple
  5661 | Temple   | Became a worshipper of Vehumet
  6338 | D:5      | Found Nano's Armour Boutique.
  6354 | D:5      | Reached XP level 7. HP: 45/46 MP: 5/13
  6381 | D:5      | Noticed Prince Ribbit
  6393 | D:5      | Killed Prince Ribbit
  6393 | D:5      | Reached skill level 5 in Conjurations
  6393 | D:5      | Reached skill level 5 in Fire Magic
  6673 | D:5      | Reached skill level 1 in Fighting
  7191 | D:5      | Found Loifuav's Book Boutique.
  7319 | D:5      | Found a glowing golden altar of the Shining One.
  7457 | D:5      | Reached XP level 8. HP: 57/57 MP: 5/14
  7593 | D:5      | Found a deep blue altar of Sif Muna.
  7594 | D:5      | Found a glowing silver altar of Zin.
  7651 | D:5      | Found Mepawus's Book Shoppe.
  7664 | D:5      | Found a hazy altar of Hepliaklqana.
  7664 | D:5      | Found a shattered altar of Ashenzari.
  7697 | D:5      | Found a bloodstained altar of Trog.
  7698 | D:5      | Noticed a wizard
  7704 | D:5      | Killed a wizard
  7735 | D:5      | Found Muilila's Distillery.
  7736 | D:5      | Noticed Blork the orc
  7749 | D:5      | Killed Blork the orc
  7849 | D:5      | Bought a potion of heal wounds for 65 gold pieces
  7849 | D:5      | Bought a potion of degeneration for 13 gold pieces
  7849 | D:5      | Bought a potion of lignification for 39 gold pieces
  7849 | D:5      | Bought a potion of brilliance for 52 gold pieces
  7849 | D:5      | Bought a potion of agility for 52 gold pieces
  7853 | D:5      | Found Kybos's Magic Scroll Emporium.
  7988 | D:5      | Bought a scroll of identify for 26 gold pieces
  8407 | D:6      | Reached * piety under Vehumet
  8407 | D:6      | Offered knowledge of Sandblast by Vehumet.
  8437 | D:6      | Reached skill level 5 in Fighting
  8437 | D:6      | Reached skill level 5 in Dodging
  8923 | D:6      | Reached skill level 5 in Spellcasting
  8923 | D:6      | Gained mutation: A weak demonic guardian rushes to your
                  | aid. [demonic ancestry]
  8923 | D:6      | Reached XP level 9. HP: 68/68 MP: 16/16
  8924 | D:6      | Quit the game

Vault maps used:
D:1:      dpeg_arrival_concentric_ovals
D:2:      grunt_dithmenos_smoke_and_mirrors, yredelemnul_altar_generic,
          lemuel_doored_altar, okawaru_metal_pillars_3
D:3:      minmay_chambers_of_threes, old_standard_altar
D:4:      minmay_temple_entry_drinking_statues, serial_shops, shop,
          first_ration, gup_sewer_entry_glass
D:5:      nicolae_overflow_crystal_walls, nicolae_overflow_hidden_temple,
          serial_shops, nicolae_shop_stone, nicolae_shop_trees, shop, shop,
          shop, trog_wizard, uniq_prince_ribbit1, uniq_blork_the_orc
D:6:      minmay_spotlight, hangedman_decor_points, abandoned_shop,
          water_maze_lemuel
Temple:   cyrus_temple_forest
Sewer:    sewer_co_cracked_pipes

Skill      XL: |  1  2  3  4  5  6  7  8 |
---------------+-------------------------+-----
Conjurations   | 2 3 4 5 |  5.7
Fire Magic     | 3 4 5 |  5.4
Spellcasting   | 3 4 5 |  5.0
Dodging        | 3 5 |  5.0
Fighting       | 2 5 |  5.0
Stealth        | |  1.7

Action                   |  1- 3 |  4- 6 |  7- 9 || total
-------------------------+-------+-------+-------++-------
Melee: Spear             |       |       |    13 ||    13
       Kick              |       |       |     2 ||     2
 Cast: Flame Tongue      |    85 |   123 |   105 ||   313
       Conjure Flame     |       |     6 |     5 ||    11
       Sticky Flame      |       |     3 |    15 ||    18
  Use: Scroll            |       |       |     6 ||     6
  Eat: Chunk             |     6 |     9 |    11 ||    26
       Ration            |       |     1 |       ||     1
Armor: Robe              |     8 |    10 |     7 ||    25
Dodge: Dodged            |    23 |    33 |    45 ||   101
Block: Other             |     4 |    10 |     8 ||    22

Table legend:
 A = Non-vault XP
 B = Vault XP
 C = Vault XP percentage of total XP
 D = Non-vault monster count
 E = Vault monster count
 F = Vault count percentage of total count
                 A         B        C        D         E       F
            +---------+---------+-------+---------+---------+-------
      Total |    2273 |     619 |  21.4 |     112 |      32 |  22.2
            +---------+---------+-------+---------+---------+-------
        D:1 |      47 |       0 |   0.0 |      27 |       0 |   0.0
        D:2 |      35 |       0 |   0.0 |      13 |       0 |   0.0
        D:3 |     228 |      29 |  11.3 |      25 |      10 |  28.6
        D:4 |     163 |      15 |   8.4 |       9 |       2 |  18.2
        D:5 |    1062 |     383 |  26.5 |      23 |       2 |   8.0
        D:6 |     738 |     140 |  15.9 |      15 |       2 |  11.8
      Sewer |       0 |      52 | 100.0 |       0 |      16 | 100.0
            +---------+---------+-------+---------+---------+-------
